 Dungeon Crawl Stone Soup version 0.32-a0-834-geaf45d8e21 (webtiles) character file.

Game seed: 15194682974704787342

23 jasper the Chopper (level 2, 0/26 HPs)
             Began as a Mountain Dwarf Monk on Mar 25, 2024.
             Slain by a ribbon worm (7 damage)
             ... on level 2 of the Dungeon.
             The game lasted 00:01:32 (794 turns).

jasper the Chopper (Mountain Dwarf Monk)             Turns: 794, Time: 00:01:32

Health: 0/26       AC:  2    Str: 19    XL:     2   Next: 75%
Magic:  2/2        EV:  5    Int: 10    God:
Gold:   55         SH:  0    Dex: 12    Spells: 1/1 levels left

rFire   . . .        e - +0 war axe
rCold   . . .        d - orb {light}
rNeg    . . .        b - +0 robe
rPois   .            (no helmet)
rElec   .            (no cloak)
rCorr   .            (no gloves)
SInv    .            (no boots)
Will    .....        (no amulet)
Stlth   +            i - +6 ring of strength
HPRegen 0.24/turn    (no ring)
MPRegen 0.08/turn

%: no passive effects
@: held, glowing
A: runic magic, artefact enchanting
a: no special abilities


You were on level 2 of the Dungeon.
You visited 1 branch of the dungeon, and saw 2 of its levels.

You collected 55 gold pieces.

Inventory:

Hand Weapons
 a - a +0 hand axe
 e - a +0 war axe (weapon)
Missiles
 o - 5 poisoned darts (quivered)
Armour
 b - a +0 robe (worn)
 d - an orb of light (worn)
Jewellery
 i - a +6 ring of strength (left hand)
Scrolls
 j - a scroll of vulnerability {unknown}
 n - a scroll of enchant armour {unknown}
 p - a scroll of torment {unknown}
Potions
 c - a potion of ambrosia
 f - a potion of cancellation {unknown}
 g - 3 potions of brilliance
 h - a potion of enlightenment {unknown}
 k - a potion of heal wounds {unknown}
 l - a potion of attraction {unknown}
 m - a potion of curing {unknown}


   Skills:
 - Level 3.2 Fighting
 + Level 4.9 Axes
 - Level 2.1 Dodging


You had one spell level left.
You didn't know any spells.
Your spell library contained the following spells:

 Spells                   Type           Power      Damage    Failure   Level
 Sting                    Conj/Alch      0%         1d3       36%         1
 Mercury Vapours          Alch/Air       0%         N/A       50%         2
 Olgreb's Toxic Radiance  Alch           0%         N/A       98%         4


Dungeon Overview and Level Annotations

Branches:
Dungeon (2/15)

Altars:


Innate Abilities, Weirdness & Mutations

Your spellcasting is much less encumbered by armour.
You can use scrolls of enchantment on lesser artefacts.


Message History

The adder bites you.
You are poisoned.
The adder poisons you!
You take 1 damage, and have 24/26 hp.
You barely miss the adder.
You feel sick. The adder bites you.
You take 5 damage, and have 19/26 hp.
You barely miss the adder. You slash the ribbon worm!
You feel sick. The adder closely misses you. The adder bites you.
The ribbon worm expels a string of sticky webbing.
The stream of webbing hits you but does no damage.
You are caught in a web!
You take 4 damage, and have 15/26 hp.
The web tears apart.
You feel sick. The adder bites you.
You take 2 damage, and have 13/26 hp.
You slash the adder!
The adder is severely wounded.
You hit the ribbon worm.
You feel sick. The adder closely misses you. The ribbon worm barely misses you.
The adder bites you but does no damage.
You take 1 damage, and have 12/26 hp.
You barely miss the adder.
The adder is severely wounded.
You hit the ribbon worm.
You feel sick.
You are no longer poisoned.
The adder misses you. The ribbon worm bites you.
The adder bites you but does no damage.
You take 3 damage, and have 9/26 hp.
You hit the adder.
The adder is almost dead.
You hit the ribbon worm but do no damage.
The ribbon worm bites you but does no damage.
The adder barely misses you.
You barely miss the adder.
The adder is almost dead.
You hit the ribbon worm. The adder misses you.
The ribbon worm expels a string of sticky webbing.
The stream of webbing hits you but does no damage.
You are caught in a web!
The adder bites you.
* * * LOW HITPOINT WARNING * * *
The ribbon worm bites you!
You die...

...#.# #.<#.# ####+####
####.#### #.......#
......... #.⌠...⌠.#
#...#### #.......#
#....# +...⌠...+
#....###### #.......#
#....#....# #.⌠.Sw⌠.#
#....#....# #...@...#
....)#....######'#######
.....'....'.)...........
...###....############..
..†# #.#### ...###'####
..........# ..........#
#.........#


You could see a ribbon worm (catching breath) and an adder.

Vanquished Creatures
  3 ball pythons
  An endoplasm (D:1)
  4 goblins (D:1)
  3 hobgoblins (D:1)
  3 kobolds
  A quokka (D:1)
  3 bats (D:1)
  3 frilled lizards (D:1)
21 creatures vanquished.

Notes
Turn   | Place    | Note
-------+----------+-------------------------------------------
     0 | D:1      | jasper the Mountain Dwarf Monk began the quest for the Orb.
     0 | D:1      | Reached XP level 1. HP: 19/19 MP: 1/1
   187 | D:1      | Reached skill level 4 in Axes
   244 | D:1      | Reached XP level 2. HP: 25/26 MP: 2/2
   794 | D:2      | Slain by a ribbon worm

Illustrated notes

Levels and vault maps discovered:
D:1:      minmay_arrival_open_corners, layout_basic,
          chequers_serial_rivers_small_b
D:2:      layout_basic, dreamdust_ecumenical_altar_angels_and_demons,
          minmay_misc_feat_rugged, minmay_fountain_box, minmay_tromino_v2

Skill      XL: |  1 |
---------------+----+-----
Axes           | 4 |  4.9
Fighting       | |  3.2
Dodging        | |  2.1

Action                     || total
---------------------------++-------
  Melee: War axe           ||    39
         Hand axe          ||     1
    Use: Scroll            ||     2
 Armour: Robe              ||    35
  Dodge: Dodged            ||    33

Table legend: (Time is in decaauts)
 A = Elapsed time spent in this place.
 B = Non-inter-level travel time spent in this place.
 C = Inter-level travel time spent in this place.
 D = Time resting spent in this place.
 E = Time spent auto-exploring this place.
 F = Levels seen in this place.
 G = Mean time per level.
                   A        B        C        D        E       F      G
               +--------+--------+--------+--------+--------+-----+--------+
         Total |    809 |    789 |     20 |      0 |    601 |   2 |  404.5 |
       Dungeon |    809 |    789 |     20 |      0 |    601 |   2 |  404.5 |
               +--------+--------+--------+--------+--------+-----+--------+

Top non-repeatable levels by time:
     D:1: 731 daAuts
     D:2: 77 daAuts
